 Dungeon Crawl Stone Soup version 0.26.0-10-g1f06aea511 (webtiles) character file.

Game seed: 14019874463426310087

21716 dohliylev the Fighter (level 12, -2/115 HPs)
             Began as a Minotaur Berserker on Jan 18, 2021.
             Was a High Priest of Trog.
             Slain by an orc warrior
             ... wielding a +0 dire flail
              (9 damage)
             ... on level 1 of the Orcish Mines.
             The game lasted 00:46:23 (10932 turns).

dohliylev the Fighter (Minotaur Berserker)         Turns: 10932, Time: 00:46:23

Health: -2/115     AC: 22    Str: 28      XL:     12   Next: 56%
Magic:  3/3        EV:  7    Int:  3 (4)  God:    Trog [*****.]
Gold:   658        SH:  9    Dex: 12      Spells: 11/11 levels left

rFire    + . .     SeeInvis .   F - +7 hand axe "Xinat" {antimagic, +Fly}
rCold    + . .     Faith    .   j - +0 kite shield
rNeg     . . .     Spirit   .   s - +0 plate armour
rPois    .         Reflect  .   (helmet restricted)
rElec    .         Harm     .   t - +0 cloak
rCorr    .         Rampage  .   O - +2 pair of gloves {Dex+3}
Will     ++...                  C - +0 pair of boots
Stlth    ..........             q - amulet of regeneration
HPRegen  1.69/turn              E - ring of protection from fire
MPRegen  0.08/turn              B - ring of protection from cold

@: berserk cooldown, regenerating, slowed, very slow
A: retaliatory headbutt, horns 2
a: Renounce Religion, Evoke Flight, Berserk, Trog's Hand, Brothers in Arms


You were on level 1 of the Orcish Mines.
You worshipped Trog.
Trog was extremely pleased with you.
You visited 2 branches of the dungeon, and saw 13 of its levels.
You also visited: Gauntlet.

You collected 658 gold pieces.

Inventory:

Hand Weapons
 F - the +7 hand axe "Xinat" (weapon) {antimagic, +Fly}
   (You took it off a centaur on level 7 of the Dungeon)

   It reduces the magical energy of the wielder, and disrupts the spells and
   magical abilities of those hit.
   Natural abilities and divine invocations are not affected.
   It lets you fly.
 H - a +2 vorpal demon trident
Armour
 j - a +0 kite shield (worn)
 s - a +0 plate armour (worn)
 t - a +0 cloak (worn)
 w - the +2 leather armour of the Valley of Death {rPois rC+ MP+9}
   (You found it on level 4 of the Dungeon)

   It protects you from cold.
   It protects you from poison.
   It affects your magic capacity (+9).
 C - a +0 pair of boots (worn)
 I - the +2 robe of Kaniamufu {rPois rCorr Dex+5}
   (You found it on level 8 of the Dungeon)

   It affects your dexterity (+5).
   It protects you from poison.
   It provides partial protection from all sources of acid and corrosion.
 M - a +1 scale mail of cold resistance
 O - a +2 pair of gloves of dexterity (worn)
Jewellery
 q - an amulet of regeneration (around neck)
 B - a ring of protection from cold (right hand)
 E - a ring of protection from fire (left hand)
 P - an uncursed ring of flight {unknown}
Wands
 a - a wand of enslavement (9)
 v - a wand of polymorph (14)
 y - a wand of digging (4)
 J - a wand of paralysis (5)
Scrolls
 b - 2 scrolls of fear {unknown}
 f - 14 scrolls of remove curse
 g - 12 scrolls of teleportation
 h - 3 scrolls of fog {unknown}
 k - 2 scrolls of immolation {unknown}
 m - 4 scrolls of magic mapping
 o - 4 scrolls of amnesia {unknown}
 p - 6 scrolls of identify
 r - 2 scrolls of enchant weapon {unknown}
 G - a scroll of holy word {unknown}
 K - 3 scrolls of brand weapon {unknown}
 N - a scroll of summoning {unknown}
 Q - a scroll of random uselessness {unknown}
Potions
 c - a potion of degeneration {unknown}
 d - 2 potions of cancellation {unknown}
 e - 4 potions of heal wounds {unknown}
 i - 2 potions of might {unknown}
 l - 4 potions of invisibility {unknown}
 n - a potion of haste {unknown}
 u - 5 potions of curing {unknown}
 x - 3 potions of resistance {unknown}
 z - 2 potions of attraction {unknown}
 A - 2 potions of lignification {unknown}
 D - 5 potions of brilliance {unknown}
 L - 10 potions of ambrosia


   Skills:
 + Level 13.5 Fighting
 - Level 12.1(14.0) Axes
 + Level 11.9(13.9) Polearms
 - Level 12.2 Armour
 + Level 5.0 Dodging
 - Level 1.0 Shields


You had 11 spell levels left.
You didn't know any spells.
Your spell library was empty.

Dungeon Overview and Level Annotations

Branches:
Dungeon (11/15)            Temple (0/1) D:6            Lair (0/6) D:11
    Orc (2/2) D:11        Gauntlet (visited)
    Elf: Orc:2

Altars:
Fedhas
Kikubaaqudgha
Makhleb
Ru
Uskayaw
Wu Jian
Xom
The Shining One


Innate Abilities, Weirdness & Mutations

You reflexively headbutt those who attack you in melee.
You have a pair of horns on your head.


Message History

Trog accepts your kill.
You slash the neqoxec!
The neqoxec's magic leaks into the air.
You hit the orc warrior. You hit something but do no damage.
You closely miss the troll.
You hit the orc warrior but do no damage.
You hit the white imp.
The white imp's magic leaks into the air.
You hit the orc high priest.
You feel less invigorated.
You feel less confused.
Your deep troll closely misses the orc.
Your deep troll claws the orc!!
The orc dies!
Trog accepts your kill.
The orc warrior hits you but does no damage.
The troll closely misses you. You furiously retaliate!
You headbutt the troll! The troll claws you.
* * * LOW HITPOINT WARNING * * *
The troll claws you but does no damage.
A white imp comes into view.
The orc warrior hits you with a +0 dire flail!
You die...

***** ##* ####### ****** **,,,**
##.###.#...###,,*,*****
*....,###...#..5...$..,,,,,*,*,
##*#...##.......o3o.....,,,,,,,,,
#.##...#.......T@o5o5...,,,,,,,,,
..............)o55oo....,,,,,,,**
.............TooTooo....,,,,,,,**
..........[..)..oO......,,,∩,,,,,
...$....).)..$......5..#,,,,,,,,*
.#.......).)............,,,,,,,*,
...........)o..........5,,,,****,
......>.................,,,** **
#.....)................,,,,,* *


You could see an orc high priest, 2 trolls, a neqoxec (summoned), an orc
sorcerer, 5 orc warriors, an ogre, 3 orc wizards, 7 white imps, 4 orcs and a
friendly deep troll (summoned, berserk).

Vanquished Creatures
  A minotaur (Gauntlet)
  Erica (D:11)
  2 two-headed ogres
  A death scarab (Gauntlet)
  A spectral death yak (Gauntlet)
  An unseen horror (D:11)
  2 cyclopes
  3 ugly things
  A centaur zombie (D:11)
  A gargoyle (D:7)
  2 minotaur zombies (Gauntlet)
  A komodo dragon (D:7)
  A meliai (shapeshifter) (Gauntlet)
  2 trolls
  A queen bee (D:9)
  A hornet (D:11)
  A raiju (Gauntlet)
  Prince Ribbit (D:6)
  2 wraiths
  A shadow (D:11)
  Sigmund (D:2)
  17 yaks
  A yak (shapeshifter) (Gauntlet)
  A vampire (D:11)
  A hog (shapeshifter) (Gauntlet)
  3 vampire mosquitoes (D:11)
  A steam dragon (Gauntlet)
  3 ice beasts
  2 sky beasts
  An eye of draining (D:10)
  2 necrophages
  5 orc warriors
  A black bear (D:7)
  6 phantoms
  5 ogres
  7 centaurs
  A big kobold (shapeshifter) (Gauntlet)
  A big kobold (D:8)
  A wyvern zombie (D:9)
  7 bullfrogs
  An elf zombie (D:8)
  3 scorpions
  2 wyvern skeletons
  2 troll zombies
  A water moccasin skeleton (D:9)
  29 killer bees
  4 wights (D:11)
  3 howler monkeys
  8 orc priests
  2 jellies
  A quasit (D:9)
  2 human skeletons (D:8)
  5 hounds
  2 gnoll shamans
  5 human zombies (D:8)
  2 bullfrog skeletons
  15 orc wizards
  5 centaur skeletons
  2 iguanas
  10 worker ants
  5 ogre zombies (D:11)
  An ogre skeleton (D:8)
  A hound skeleton (D:6)
  2 worker ant zombies
  12 gnolls
  14 adders
  A howler monkey skeleton (D:7)
  A shadow imp (D:5)
  3 white imps
  4 ufetubi
  An ooze (D:4)
  2 adder zombies
  An adder skeleton (D:9)
  4 worms
  3 dart slugs
  8 leopard geckos
  37 orcs
  11 giant cockroaches
  13 goblins
  9 hobgoblins
  7 jackals
  8 quokkas
  3 ball pythons (D:1)
  6 bats
  A frilled lizard (D:3)
  3 goblin zombies (D:11)
  2 hobgoblin zombies (D:11)
  A jackal zombie (D:5)
  10 kobolds
  A leopard gecko skeleton (D:4)
  4 orc skeletons (D:11)
  11 orc zombies
  11 rats
399 creatures vanquished.

Vanquished Creatures (collateral kills)
  A two-headed ogre (Orc:1)
  A soldier ant (D:11)
  2 orc warriors (Orc:1)
  2 orc priests
  5 orc wizards
  9 orcs
20 creatures vanquished.

Vanquished Creatures (others)
  A steam dragon (Gauntlet)
  8 fungi (Gauntlet)
  14 plants
23 creatures vanquished.

Grand Total: 442 creatures vanquished

Notes
Turn   | Place    | Note
-------+----------+-------------------------------------------
     0 | D:1      | dohliylev the Minotaur Berserker began the quest for the
                  | Orb.
     0 | D:1      | Reached XP level 1. HP: 19/19 MP: 0/0
   103 | D:1      | Reached XP level 2. HP: 27/27 MP: 1/1
   119 | D:1      | Reached skill level 4 in Fighting
   747 | D:1      | Reached XP level 3. HP: 33/33 MP: 2/2
  1252 | D:2      | Noticed Sigmund
  1262 | D:2      | Reached ** piety under Trog
  1263 | D:2      | Killed Sigmund
  1264 | D:2      | Reached skill level 5 in Fighting
  1264 | D:2      | Reached skill level 5 in Axes
  1264 | D:2      | Reached XP level 4. HP: 42/42 MP: 3/3
  1264 | D:2      | Reached XP level 5. HP: 48/48 MP: 4/4
  2090 | D:3      | Reached XP level 6. HP: 56/56 MP: 5/5
  2635 | D:4      | Reached skill level 1 in Polearms
  2711 | D:4      | Reached skill level 1 in Shields
  2711 | D:4      | Reached XP level 7. HP: 56/61 MP: 6/6
  2775 | D:4      | Reached *** piety under Trog
  2995 | D:4      | Got a spiked leather armour
  3006 | D:4      | Identified the +2 leather armour of the Valley of Death
                  | {rPois rC+ MP+9} (You found it on level 4 of the Dungeon)
  3226 | D:4      | Reached skill level 5 in Armour
  3645 | D:5      | Entered Level 5 of the Dungeon
  3762 | D:5      | Reached skill level 5 in Polearms
  3842 | D:5      | Reached XP level 8. HP: 70/70 MP: 7/7
  3975 | D:5      | Reached skill level 6 in Fighting
  4142 | D:6      | Found an ornate altar of the Wu Jian Council.
  4143 | D:6      | Found a sacrificial altar of Ru.
  4144 | D:6      | Found a glowing golden altar of the Shining One.
  4190 | D:6      | Found a staircase to the Ecumenical Temple.
  4304 | D:6      | Noticed Prince Ribbit
  4327 | D:6      | Killed Prince Ribbit
  4363 | D:6      | Reached **** piety under Trog
  4616 | D:6      | Found a burning altar of Makhleb.
  4616 | D:6      | Noticed a balrug
  4619 | D:6      | Noticed a hellwing
  5241 | D:7      | Reached XP level 9. HP: 78/78 MP: 8/8
  5416 | D:7      | Noticed a gargoyle
  5416 | D:7      | Noticed a brown ugly thing
  5420 | D:7      | Found a runed translucent door.
  5427 | D:7      | Noticed a purple ugly thing
  5430 | D:7      | Noticed a cyclops
  5433 | D:7      | Identified the +7 hand axe "Xinat" {antimagic, +Fly}
  5439 | D:7      | Killed a purple ugly thing
  5439 | D:7      | Reached ***** piety under Trog
  5440 | D:7      | Reached skill level 7 in Fighting
  5461 | D:7      | Killed a cyclops
  5462 | D:7      | Reached skill level 10 in Polearms
  5495 | D:7      | Noticed a komodo dragon
  5496 | D:7      | Identified Lahud's Grimoire of the Excruciating Escort
  5500 | D:7      | Noticed a troll
  5507 | D:7      | Killed a komodo dragon
  5509 | D:7      | Killed a troll
  5793 | D:7      | Reached XP level 10. HP: 88/88 MP: 3/9
  5797 | D:7      | Killed a gargoyle
  5804 | D:7      | Killed a brown ugly thing
  5805 | D:7      | Reached skill level 8 in Fighting
  5991 | D:7      | Found a shimmering altar of Xom.
  5991 | D:7      | Found a blossoming altar of Fedhas.
  6549 | D:8      | Received a gift from Trog
  6619 | D:8      | Found an ancient bone altar of Kikubaaqudgha.
  6987 | D:8      | Reached skill level 10 in Armour
  7396 | D:8      | Got a heavy robe
  7407 | D:8      | Identified the +2 robe of Kaniamufu {rPois rCorr Dex+5}
                  | (You found it on level 8 of the Dungeon)
  7549 | D:8      | Identified the +6 whip "Impbane" {drain, Dex+4}
  7559 | D:8      | Reached skill level 9 in Fighting
  7865 | D:9      | Reached XP level 11. HP: 61/97 MP: 3/10
  8039 | D:9      | Found a hide-covered altar of Uskayaw.
  8069 | D:9      | Noticed a +0 dagger
  8070 | D:9      | Noticed a +0 dagger
  8296 | D:9      | Noticed a two-headed ogre
  8308 | D:9      | Killed a two-headed ogre
  8435 | D:9      | Got a warped rapier
  8440 | D:9      | Identified the cursed +2 rapier of Erudgh {vorpal, rElec
                  | rC+} (You found it on level 9 of the Dungeon)
  8572 | D:9      | Reached skill level 10 in Axes
  8810 | D:10     | Entered Level 10 of the Dungeon
  8821 | D:10     | Reached skill level 10 in Fighting
  9019 | D:10     | Received a gift from Trog
  9433 | D:11     | Killed an unseen horror
  9436 | D:11     | Found a staircase to the Orcish Mines.
  9577 | D:11     | Found a gate leading to a gauntlet.
  9601 | Gauntlet | Entered a Gauntlet
  9601 | Gauntlet | Found a transporter.
  9601 | Gauntlet | Found a transporter.
  9621 | Gauntlet | Found a transporter.
  9624 | Gauntlet | Found a transporter.
  9627 | Gauntlet | Noticed a death scarab
  9639 | Gauntlet | Found a transporter.
  9641 | Gauntlet | Found a transporter.
  9652 | Gauntlet | Found a transporter.
  9670 | Gauntlet | Found a transporter.
  9671 | Gauntlet | Noticed a wretched star
  9675 | Gauntlet | Found a transporter.
  9676 | Gauntlet | Found a transporter.
  9681 | Gauntlet | Noticed a mana viper
  9681 | Gauntlet | a guardian serpent changed into a mana viper
  9686 | Gauntlet | Found a transporter.
  9687 | Gauntlet | Found a transporter.
  9694 | Gauntlet | Found a runed translucent door.
  9712 | Gauntlet | Noticed an orb spider
  9712 | Gauntlet | a hornet changed into an orb spider
  9718 | Gauntlet | an orb spider changed into a spriggan
  9894 | Gauntlet | Reached XP level 12. HP: 82/107 MP: 3/11
  9899 | Gauntlet | Killed a death scarab
 10000 | Gauntlet | Reached skill level 11 in Fighting
 10068 | Gauntlet | Noticed a minotaur
 10077 | Gauntlet | Killed a minotaur
 10165 | D:11     | Reached skill level 12 in Fighting
 10214 | D:11     | Noticed a two-headed ogre
 10221 | D:11     | Killed a two-headed ogre
 10287 | D:11     | Noticed Erica
 10301 | D:11     | Killed Erica
 10326 | D:11     | Reached skill level 13 in Fighting
 10434 | D:11     | Reached skill level 5 in Dodging
 10545 | D:11     | Found a staircase to the Lair.
 10899 | Orc:1    | Entered Level 1 of the Orcish Mines
 10903 | Orc:2    | Entered Level 2 of the Orcish Mines
 10916 | Orc:1    | Noticed a two-headed ogre
 10923 | Orc:1    | Killed a two-headed ogre
 10925 | Orc:1    | Noticed an orc high priest
 10932 | Orc:1    | Slain by an orc warrior

Illustrated notes

Levels and vault maps discovered:
D:1:      minmay_arrival_solitary_statue, layout_basic, minmay_hexomino_p4
D:2:      layout_rooms, uniq_sigmund
D:3:      minmay_angry_zag, layout_basic
D:4:      layout_layer_cave, minmay_misc_feat_diagonals, roderic_lattice_a
D:5:      layout_rooms
D:6:      layout_layer_cave, chequers_temple_overflow_statue_of_worship,
          minmay_temple_entry_wispy, makhleb_altar_promises_db,
          uniq_prince_ribbit1
D:7:      minmay_the_grid_triangle_9x9_rhombus_full
          [minmay_the_grid_triangle_9x9_descending_squares,
          minmay_the_grid_triangle_9x9_checkered,
          minmay_the_grid_triangle_9x9_skeleton,
          minmay_the_grid_triangle_9x9_cache,
          minmay_the_grid_triangle_9x9_dagger,
          minmay_the_grid_triangle_9x9_subtriangle,
          minmay_the_grid_triangle_9x9_swiss_cheese,
          minmay_the_grid_triangle_9x9_prize_schism], layout_basic,
          gammafunk_temple_overflow_wave
D:8:      layout_gridville, minmay_misc_feat_iff,
          lemuel_mausoleum_altar_kikubaaqudgha
D:9:      layout_roguey [special_room_bee], dancing_weapons_uskayaw
D:10:     layout_roguey
D:11:     layout_cave_pools, lair_entry_dummy, zombieorc1_lemuel,
          gauntlet_entry_generic, minmay_misc_feat_more_columns,
          corexii_corridor_pit, uniq_erica
Orc:1:    layout_caves, portal_ice_cave_entry_imps
Orc:2:    st_orc_pillars, layout_diamond_mine

Skill      XL: |  1  2  3  4  5  6  7  8  9 10 11 12 |
---------------+-------------------------------------+-----
Fighting       | 4 5 6 7 9 10 13 | 13.5
Axes           | 4 5 6 8 12 | 12.1
Armour         | 3 4 5 7 9 10 12 | 12.2
Dodging        | 3 4 5 |  5.0
Polearms       | 2 5 8 10 11 | 11.9
Shields        | 1 |  1.0

Action                   |  1- 3 |  4- 6 |  7- 9 | 10-12 || total
-------------------------+-------+-------+-------+-------++-------
Melee: Hand axe          |    67 |    63 |    17 |   591 ||   738
       Headbutt          |    14 |    17 |    60 |   134 ||   225
       Trident           |       |    65 |   305 |       ||   370
       Demon trident     |       |       |       |    64 ||    64
Invok: Berserk           |     2 |     3 |     5 |    22 ||    32
       Trog's Hand       |       |       |       |     6 ||     6
       Brothers in Arms  |       |       |       |     5 ||     5
  Use: Scroll            |       |       |       |     5 ||     5
       Potion            |       |       |       |     1 ||     1
Armor: Ring mail         |    34 |    17 |       |       ||    51
       Animal skin       |     1 |       |       |       ||     1
       Plate armour      |       |    31 |   142 |   388 ||   561
Dodge: Dodged            |    54 |    32 |    60 |   132 ||   278
Block: Kite shield       |       |    27 |   103 |   242 ||   372
